 Dungeon Crawl Stone Soup version 0.18-a0-1372-gd644665 (webtiles) character file.

350 M4edhros the Sneak (level 6, 0/42 HPs)
             Began as an Octopode Monk on Feb 21, 2016.
             Succumbed to a scorpion's poison
             ... on level 5 of the Dungeon.
             The game lasted 00:05:48 (1247 turns).

M4edhros the Sneak (Octopode Monk)                  Turns: 1247, Time: 00:05:48

Health: 0/42       AC:  1    Str: 11    XL:     6   Next: 60%
Magic:  0/6        EV: 13    Int: 12    God:
Gold:   85         SH:  0    Dex: 16    Spells: 0 memorised, 5 levels left

rFire  . . .     SeeInvis .       - Unarmed
rCold  . . .     Gourm    .     (no shield)
rNeg   . . .     Faith    .     (helmet restricted)
rPois  .         Spirit   +     i - amulet of guardian spirit
rElec  .         Dismiss  .     (no ring)
rCorr  .         Reflect  .     (no ring)
SustAt .         Harm     .     (no ring)
MR     .....                    (no ring)
Stlth  +++++.....               (no ring)
                                (no ring)
                                (no ring)
                                (no ring)

@: lethally poisoned (0 -> -1), not resistant to hostile enchantments, quite
stealthy
A: almost no armour, amphibious, 8 rings, constrict 8, camouflage 1, gelatinous
body 1
a: no special abilities


You were on level 5 of the Dungeon.
You were very hungry.

You visited 1 branch of the dungeon, and saw 5 of its levels.

You collected 85 gold pieces.

Inventory:

Hand Weapons
 e - a +2 flail of protection
 h - a +0 hunting sling
Missiles
 b - 127 stones (quivered)
Jewellery
 i - an amulet of guardian spirit (around mantle)
Scrolls
 c - a scroll of amnesia {unknown}
 f - a scroll of immolation
Comestibles
 a - 2 bread rations
 g - a slice of pizza


   Skills:
 - Level 3.0 Fighting
 - Level 3.0 Dodging
 + Level 7.0 Stealth
 + Level 6.2 Unarmed Combat


You had 5 spell levels left.
You didn't know any spells.

Dungeon Overview and Level Annotations

Branches:
Dungeon (5/15)
 Temple: D:4-7

Altars:
Ashenzari
Dithmenos
Kikubaaqudgha
Okawaru

Shops:
D:4 :


Innate Abilities, Weirdness & Mutations

You cannot wear most types of armour.
You are amphibious.
You can wear up to eight rings at the same time.
You can use your tentacles to constrict eight enemies at once.
Your skin changes colour to match your surroundings (Stealth).
Your rubbery body absorbs attacks (AC +1).


Message History

You feel sick.
* * * LOW HITPOINT WARNING * * *
You feel sick.
* * * LOW HITPOINT WARNING * * *
You feel sick.
There is a stone staircase leading up here.
* * * LOW HITPOINT WARNING * * *
You feel sick.
* * * LOW HITPOINT WARNING * * *
You feel sick.
* * * LOW HITPOINT WARNING * * *
You feel sick.
* * * LOW HITPOINT WARNING * * *
You feel sick.
Read which item? (? for menu, Esc to quit)
As you read the scroll labeled DUILIF SAQUN, it crumbles to dust.
It is a scroll of enchant armour.
You aren't carrying any armour which can be enchanted further.
The scorpion stings you.
You die...

##...#..........# ########..##
#....#..........# #.[.........
##...#..........# #...........
#...#..........# #...........
#...############### #...........
#...# #.....# #........... #...#
#.....# #.........<.
##...#########.....###.#....#####
................@.s.........# #
####.#########)....###.#.#### #
..... #.....# #.#.# # #.......
#.....# #.#.# # #........#
####### #...# +........# #....
... #........# ....# ###
#........# ..... . ##


You could see a scorpion.

Vanquished Creatures
  An ogre (D:4)
  2 crimson imps
  A giant frog zombie (D:5)
  An orc priest (D:4)
  A giant frog skeleton (D:5)
  An orc wizard (D:4)
  3 adders (D:4)
  A worm (D:4)
  10 orcs
  A giant cockroach (D:4)
  4 goblins
  3 hobgoblins
  5 jackals (D:3)
  4 kobolds
  3 bats
  A giant newt (D:3)
  2 jackal skeletons
  2 rats
46 creatures vanquished.

Notes
Turn   | Place    | Note
--------------------------------------------------------------
     0 | D:1      | M4edhros the Octopode Monk began the quest for the Orb.
     0 | D:1      | Reached XP level 1. HP: 16/16 MP: 1/1
    71 | D:1      | Reached XP level 2. HP: 21/21 MP: 2/2
   272 | D:3      | Reached XP level 3. HP: 18/26 MP: 3/3
   405 | D:4      | Found Zotorykh's Book Boutique.
   424 | D:4      | Noticed an ogre
   550 | D:4      | Found an ancient bone altar of Kikubaaqudgha.
   550 | D:4      | Found a shadowy altar of Dithmenos.
   567 | D:4      | Reached XP level 4. HP: 31/31 MP: 4/4
   572 | D:4      | Reached skill level 5 in Unarmed Combat
   602 | D:4      | Reached skill level 5 in Stealth
   870 | D:4      | Reached XP level 5. HP: 22/36 MP: 5/5
   886 | D:4      | Found an iron altar of Okawaru.
   886 | D:4      | Found a shattered altar of Ashenzari.
   975 | D:4      | Killed an ogre
   975 | D:4      | Reached skill level 6 in Stealth
   975 | D:4      | Reached XP level 6. HP: 33/42 MP: 6/6
  1127 | D:5      | Entered Level 5 of the Dungeon
  1219 | D:5      | Reached skill level 7 in Stealth
  1233 | D:5      | HP: 2/42 [poisoned by a scorpion]
  1239 | D:5      | HP: 1/42 [poisoned by a scorpion]
  1247 | D:5      | Succumbed to a scorpion's poison

Vault maps used:
D:1:      erik_arrival_gehennom
D:2:      good_gods_temple_1, trog_book, uniq_iyjb, uniq_sigmund
D:3:      first_bread, uniq_crazy_yiuf_cottage
D:4:      gammafunk_temple_overflow_wave, grunt_temple_overflow_open,
          serial_shops, shop_fountains
D:5:      kennysheep_little_box

Action                   |  1- 3 |  4- 6 || total
-------------------------+-------+-------++-------
Melee: Unarmed           |    61 |    47 ||   108
  Use: Scroll            |     2 |     1 ||     3
       Potion            |       |     1 ||     1
 Stab: Sleeping          |     9 |     6 ||    15
